 Dungeon Crawl Stone Soup version 0.28-a0-1447-ga5a8893891 (webtiles) character file.

Game seed: 10563069040649118232

588 porpoise the Skirmisher (level 7, -8/59 HPs)
             Began as a Demonspawn Brigand on Jan 11, 2022.
             Mangled by an orc warrior (14 damage)
             ... on level 4 of the Dungeon on Jan 12, 2022.
             The game lasted 00:14:29 (4029 turns).

porpoise the Skirmisher (Demonspawn Brigand)        Turns: 4029, Time: 00:14:29

Health: -8/59      AC: 13    Str: 20      XL:     7   Next: 15%
Magic:  0/7        EV: 10    Int: 11 (12) God:
Gold:   200        SH:  0    Dex: 14      Spells: 6/6 levels left

rFire   . . .      SeeInvis .   a - +2 short sword (elec)
rCold   . . .      Faith    .   (no shield)
rNeg    + . .      Spirit   +   f - +0 ring mail
rPois   .          Reflect  .   u - +0 helmet
rElec   +          Harm     .   c - +0 cloak
rCorr   .          Rampage  .   (no gloves)
Will    .....                   (no boots)
Stlth   +.........              (no amulet)
HPRegen 0.19/turn               n - +4 ring of slaying
MPRegen 0.20/turn               r - ring of Law {rElec rN+ Str+6}

@: confused, sanguine armoured
A: magic shield, magic regeneration, sanguine armour 1
a: no special abilities


You were on level 4 of the Dungeon.
You visited 1 branch of the dungeon, and saw 4 of its levels.

You collected 200 gold pieces.

Inventory:

Hand Weapons
 a - a +2 short sword of electrocution (weapon)
 b - a +0 hunting sling
 v - a +2 dagger of electrocution
Missiles
 d - 8 poisoned darts (quivered)
 e - 2 curare-tipped darts
 j - 21 sling bullets
 k - 107 stones
 m - 2 datura-tipped darts
 o - 58 arrows
Armour
 c - a +0 cloak (worn)
 f - a +0 ring mail (worn)
 u - a +0 helmet (worn)
Jewellery
 n - a +4 ring of slaying (left hand)
 r - the ring of Law (right hand) {rElec rN+ Str+6}
   (You took it off a hobgoblin on level 2 of the Dungeon)

   [ring of strength]

   Str:       It affects your strength (+6).
   rElec:     It insulates you from electricity.
   rN:        It protects you from negative energy.
Scrolls
 g - a scroll of teleportation {unknown}
 h - a scroll of silence {unknown}
 s - a scroll of fear {unknown}
 t - a scroll of enchant armour {unknown}
 w - a scroll of identify {unknown}
Potions
 i - a potion of attraction {unknown}
 l - 3 potions of heal wounds {unknown}
 p - a potion of brilliance {unknown}
 q - 4 potions of curing


   Skills:
 * Level 6.3 Fighting
 + Level 3.3 Short Blades
 - Level 1.7 Throwing
 - Level 0.8 Dodging
 - Level 5.0 Stealth


You had 6 spell levels left.
You didn't know any spells.
Your spell library contained the following spells:

 Spells                   Type           Power      Damage    Failure   Level
 Foxfire                  Conj/Fire      0%         2x1d4     52%         1
 Ignite Poison            Fire/Tmut/Pois 0%         N/A       88%         3
 Mephitic Cloud           Conj/Pois/Air  0%         N/A       88%         3
 Freezing Cloud           Conj/Ice/Air   0%         6-21      100%        5


Dungeon Overview and Level Annotations

Branches:
Dungeon (4/15)
 Temple: D:4-7

Altars:
Hepliaklqana


Innate Abilities, Weirdness & Mutations

When hurt, damage is shared between your health and your magic reserves.
You regenerate magic rapidly.
When seriously injured, your blood forms armour. (AC +6)


Message History

You closely miss the orc warrior.
The orc warrior is heavily wounded.
The orc warrior hits you with a +0 trident!
You hit the orc priest.
The orc priest is heavily wounded.
The orc warrior hits you with a +0 trident!
* * * LOW HITPOINT WARNING * * *
The orc priest invokes the aid of Beogh against you.
You are unaffected.
You hit the orc priest.
Lightning courses through the orc priest!!
You kill the orc priest!
The orc wizard hits you but does no damage.
The orc warrior closely misses you.
You feel your intelligence returning.
You hit the orc wizard.
Lightning courses through the orc wizard!
The orc wizard is severely wounded.
The orc wizard casts a spell at you.
You are confused.
The orc warrior barely misses you.
You hit the orc wizard.
The orc wizard is almost dead.
The orc wizard closely misses you.
The orc warrior hits you but does no damage.
You bump into the rock wall.
The orc wizard points at you and mumbles some strange words.
You resist with some effort. The orc warrior barely misses you.
You bump into the rock wall.
The orc wizard hits you but does no damage.
The orc warrior hits you with a +0 trident.
* * * LOW HITPOINT WARNING * * *
The orc warrior hits you from afar with a +0 trident.
* * * LOW HITPOINT WARNING * * *
You bump into the rock wall.
The orc wizard hits you but does no damage.
The orc warrior closely misses you.
You bump into the rock wall.
The orc warrior hits you from afar with a +0 trident!
You die...

<....# ... #.o.# ...
#?((# ####+###.... #...#
#.# .#.#... #...# #.#
.... #...# #.####.###
#...# #.##.....#
###...###........#
#.....o.@.#...#..#
#).....)o.#...+..#
#.........#...#..###+++
#.........#...##.##...
#.........#...##.##.#####
#.........#...##.........
#.........######.........
#.........# #.........
########### #.........


You could see an orc warrior and an orc wizard.

Vanquished Creatures
  Sigmund (D:3)
  Menkaure (D:4)
  2 orc priests (D:4)
  Crazy Yiuf (D:2)
  An iguana (D:4)
  Natasha (thrice) (D:3)
  Robin (D:3)
  A gnoll (D:1)
  An adder (D:2)
  An adder skeleton (D:4)
  A worm (D:3)
  2 dart slugs
  An orc (D:3)
  3 ball pythons
  3 endoplasms
  2 giant cockroaches
  14 goblins
  11 hobgoblins
  4 jackals (D:4)
  4 quokkas
  5 bats
  6 frilled lizards
  7 kobolds
  5 rats
81 creatures vanquished.

Vanquished Creatures (others)
  4 fungi (D:2)
  3 plants (D:2)
7 creatures vanquished.

Grand Total: 88 creatures vanquished

Notes
Turn   | Place    | Note
-------+----------+-------------------------------------------
     0 | D:1      | porpoise the Demonspawn Brigand began the quest for the
                  | Orb.
     0 | D:1      | Reached XP level 1. HP: 16/16 MP: 1/1
   471 | D:1      | Gained mutation: You regenerate magic rapidly. [demonic
                  | ancestry]
   471 | D:1      | Reached XP level 2. HP: 22/22 MP: 2/2
  1104 | D:1      | Gained mutation: When hurt, damage is shared between your
                  | health and your magic reserves. [demonic ancestry]
  1104 | D:1      | Reached XP level 3. HP: 28/28 MP: 3/3
  1379 | D:2      | Reached skill level 3 in Fighting
  1570 | D:2      | Found a faded altar of an unknown god.
  1583 | D:2      | Got Plato's Disquisition on Ignition
  1605 | D:2      | Identified the ring of Law {rElec rN+ Str+6}
  1759 | D:2      | Found a runed translucent door.
  1760 | D:2      | Noticed Crazy Yiuf
  1768 | D:2      | Killed Crazy Yiuf
  1769 | D:2      | Reached XP level 4. HP: 37/37 MP: 4/4
  2185 | D:3      | Noticed Natasha
  2191 | D:3      | Killed Natasha
  2192 | D:3      | Reached skill level 4 in Fighting
  2411 | D:3      | Found a hazy altar of Hepliaklqana.
  2543 | D:3      | Noticed Robin
  2774 | D:3      | Killed Robin
  2775 | D:3      | Reached XP level 5. HP: 38/42 MP: 5/5
  3059 | D:3      | Noticed Natasha
  3066 | D:3      | Killed Natasha
  3249 | D:3      | Noticed Sigmund
  3259 | D:3      | Killed Sigmund
  3260 | D:3      | Reached skill level 5 in Fighting
  3260 | D:3      | Reached skill level 5 in Stealth
  3260 | D:3      | Reached XP level 6. HP: 51/51 MP: 6/6
  3308 | D:3      | Noticed Natasha
  3323 | D:3      | Killed Natasha
  3767 | D:4      | Noticed Menkaure
  3778 | D:4      | Killed Menkaure
  3779 | D:4      | Reached skill level 6 in Fighting
  3779 | D:4      | Gained mutation: When seriously injured, your blood forms
                  | armour. (AC +6) [demonic ancestry]
  3779 | D:4      | Reached XP level 7. HP: 26/58 MP: 2/7
  4029 | D:4      | Mangled by an orc warrior

Illustrated notes

Levels and vault maps discovered:
D:1:      dpeg_arrival_pits, layout_loops_ring
D:2:      layout_loops_ring, shapermc_ecumenical_altar_rom_forum,
          minmay_misc_feat_alley, st_stairs_11, uniq_crazy_yiuf_cottage
D:3:      layout_loops_corners, nzn_hepliaklqana_mist_gate,
          chequers_serial_rivers_micro_b, uniq_sigmund, uniq_robin, uniq_natasha
D:4:      layout_basic, mainiacjoe_overflow_alcove_4, minmay_temple_entry_hall,
          kennysheep_generic_room_14, uniq_menkaure

Skill      XL: |  1  2  3  4  5  6 |
---------------+-------------------+-----
Short Blades   | 2 3 |  3.3
Stealth        | 4 5 |  5.0
Fighting       | 3 4 5 6 |  6.3
Throwing       | |  1.7
Dodging        | |  0.8

Action                   |  1- 3 |  4- 6 |  7- 9 || total
-------------------------+-------+-------+-------++-------
Melee: Dagger            |   100 |    54 |       ||   154
       Punch             |       |     3 |       ||     3
       Short sword       |       |    26 |    11 ||    37
 Fire: Hunting sling     |       |       |    15 ||    15
Throw: Dart              |       |     8 |       ||     8
  Use: Potion            |       |     2 |       ||     2
 Stab: Sleeping          |     6 |     1 |       ||     7
Armor: Ring mail         |    29 |    14 |     6 ||    49
Dodge: Dodged            |    36 |    37 |     9 ||    82

Table legend: (Time is in decaauts)
 A = Elapsed time spent in this place.
 B = Non-inter-level travel time spent in this place.
 C = Inter-level travel time spent in this place.
 D = Time resting spent in this place.
 E = Time spent auto-exploring this place.
 F = Levels seen in this place.
 G = Mean time per level.
                   A        B        C        D        E       F      G
               +--------+--------+--------+--------+--------+-----+--------+
         Total |   4014 |   3941 |     73 |   1411 |   1852 |   4 | 1003.5 |
       Dungeon |   4014 |   3941 |     73 |   1411 |   1852 |   4 | 1003.5 |
               +--------+--------+--------+--------+--------+-----+--------+

Top non-repeatable levels by time:
     D:3: 1541 daAuts
     D:1: 1112 daAuts
     D:2: 1022 daAuts
     D:4: 337 daAuts
